 Dungeon Crawl Stone Soup version 0.30-a0-918-g0ff054e9dc (webtiles) character file.

Game seed: 17584827293121039

3783 Axe the Cleaver (level 10, -1/86 HPs)
             Began as a Hill Orc Fighter on Mar 21, 2023.
             Was a Priest of Makhleb.
             Succumbed to a hornet's poison
             ... on level 8 of the Dungeon.
             The game lasted 00:09:55 (6822 turns).

Axe the Cleaver (Hill Orc Fighter)                  Turns: 6822, Time: 00:09:56

Health: -1/86      AC: 21    Str: 24    XL:     10   Next: 16%
Magic:  15/15      EV:  8    Int:  8    God:    Makhleb [***...]
Gold:   163        SH:  0    Dex: 10    Spells: 9/9 levels left

rFire   . . .      SeeInvis +    v - +5 battleaxe
rCold   . . .      Faith    .    (shield currently unavailable)
rNeg    . . .      Spirit   .    y - +0 plate armour
rPois   .          Reflect  .    z - +1 helmet {SInv}
rElec   .          Rampage  .    q - +0 cloak
rCorr   .                        h - +1 pair of gloves
Will    .....                    B - +1 pair of boots {Fly} Stlth
                                 (no amulet)
HPRegen 0.34/turn                (no ring)
MPRegen 0.14/turn                (no ring)

@: lethally poisoned (-1 -> -12), flying, slowed, very slow
A: no striking features
a: Renounce Religion, Minor Destruction, Lesser Servant of Makhleb


You were on level 8 of the Dungeon.
You worshipped Makhleb.
Makhleb was most pleased with you.
You visited 1 branch of the dungeon, and saw 8 of its levels.
You also visited: Ossuary.

You collected 428 gold pieces.
You spent 265 gold pieces at shops.

Inventory:

Hand Weapons
 v - a +5 battleaxe (weapon)
Missiles
 s - a throwing net (quivered)
Armour
 h - a +1 pair of gloves (worn)
 q - a +0 cloak (worn)
 y - a +0 plate armour (worn)
 z - a +1 helmet of see invisible (worn)
 B - a +1 pair of boots of flying (worn)
Jewellery
 a - a +6 ring of dexterity
 p - the ring of Crawling {Fly rF+++ rC- Str+3 Stlth+}
   (You found it on level 3 of the Dungeon)

   [ring of flight]

   Str:       It affects your strength (+3).
   rF:        It renders you almost immune to fire.
   rC:        It makes you vulnerable to cold.
   Fly:       It grants you flight.
   Stlth:     It makes you more stealthy.
Wands
 w - a wand of digging (7)
Scrolls
 g - 7 scrolls of identify
 j - 4 scrolls of teleportation
 l - a scroll of amnesia
 n - 3 scrolls of noise
 t - a scroll of enchant armour
 A - 3 scrolls of fear
 C - a scroll of immolation {unknown}
Potions
 b - a potion of magic {unknown}
 c - a potion of attraction {unknown}
 d - a potion of might
 e - 5 potions of curing
 f - a potion of berserk rage {unknown}
 i - 2 potions of heal wounds {unknown}
 k - 4 potions of invisibility
 m - a potion of flight {unknown}
 o - 3 potions of haste {unknown}
 r - 3 potions of lignification
 u - 2 potions of cancellation {unknown}
 x - 2 potions of degeneration {unknown}


   Skills:
 + Level 7.6 Fighting
 * Level 10.7 Axes
 + Level 7.0 Armour
 - Level 3.6 Dodging
 - Level 6.8 Shields
 + Level 6.7 Invocations


You had 9 spell levels left.
You didn't know any spells.
Your spell library contained the following spells:

 Spells                   Type           Power      Damage    Failure   Level
 Kiss of Death            Conj/Necr      0%         2d5       99%         1
 Slow                     Hex            0%         N/A       99%         1
 Summon Small Mammal      Summ           0%         N/A       99%         1
 Call Canine Familiar     Summ           0%         N/A       100%        3
 Confusing Touch          Hex            0%         N/A       100%        3
 Dazzling Flash           Conj/Hex       0%         N/A       100%        3
 Gell's Gravitas          Tloc           0%         N/A       100%        3
 Summon Guardian Golem    Hex/Summ       0%         N/A       100%        3
 Teleport Other           Tloc           0%         N/A       100%        3
 Vampiric Draining        Necr           0%         2d6       100%        3
 Dispel Undead            Necr           0%         3d6       100%        4
 Agony                    Necr           0%         N/A       100%        5
 Silence                  Hex/Air        0%         N/A       100%        5
 Dispersal                Tloc           0%         N/A       100%        6


Dungeon Overview and Level Annotations

Branches:
Dungeon (8/15)             Temple (0/1) D:6         Ossuary (visited)
   Lair: D:8-11

Altars:
Ashenzari
Hepliaklqana
Makhleb
Qazlal
Sif Muna
Vehumet
Wu Jian
Xom
Yredelemnul
The Shining One

Shops:
D:2 =   D:3 *   D:4 :   D:6 !


Message History

Press: ? - help, Shift-Dir - straight line, f/p - hornet
Aim: a hornet (severely wounded, covered in acid)
The stone arrow misses the hornet.
You feel very sick. The hornet stings you!
You are more poisoned.
You feel as though you will be slow longer.
The hornet stings you but does no damage.
Aiming: Minor Destruction (1% risk of failure)
Press: ? - help, Shift-Dir - straight line, f/p - hornet
Aim: a hornet (severely wounded, covered in acid)
The zap hits the hornet.
The hornet is severely wounded.
You feel extremely sick.
The hornet stings you but does no damage.
The hornet stings you.
You are more poisoned.
You feel as though you will be slow longer.
The hornet stings you but does no damage.
Aiming: Minor Destruction (1% risk of failure)
Press: ? - help, Shift-Dir - straight line, f/p - hornet
Aim: a hornet (severely wounded, covered in acid)
The puff of flame misses the hornet.
You feel extremely sick. The hornet stings you.
You suddenly lose the ability to move!
The hornet stings you!
* * * LOW HITPOINT WARNING * * *
You shrug off the repeated paralysis!
You can move again.
You barely miss the hornet.
The hornet is severely wounded.
* * * LOW HITPOINT WARNING * * *
You feel extremely sick. The hornet barely misses you. The hornet stings you!
* * * LOW HITPOINT WARNING * * *
You feel as though you will be slow longer.
The hornet barely misses you.
You closely miss the hornet.
The hornet is severely wounded.
You die...

#.#.##.##
##..... #..#..##
##.... ###.##.##
##.....
#.###.###.#....
#.# ##>#.#####.
...########.#
##.## .
............#
### .
##.####.########
. #.@y......
##########


You could see a hornet (corroded).

Vanquished Creatures
  An unseen horror (D:6)
  A troll (D:7)
  A steam dragon (D:7)
  A water moccasin (D:7)
  A sky beast (D:6)
  2 orc warriors
  3 ice beasts
  3 black bears
  A phantom (D:6)
  Blork the orc (D:6)
  2 bullfrogs
  3 scorpions
  3 necrophages (D:4)
  7 wights
  3 killer bees (D:7)
  2 howler monkeys (D:7)
  6 centaur zombies
  5 jellies
  A bullfrog zombie (D:4)
  3 hounds
  A human zombie (D:4)
  3 orc priests
  A sleepcap (D:6)
  2 iguanas
  3 orc wizards
  2 hound zombies (D:4)
  7 mummies
  3 gnolls (D:3)
  9 adders
  A worm (D:3)
  2 dart slugs (D:1)
  21 orcs
  5 endoplasms
  6 giant cockroaches
  5 goblins
  3 hobgoblins
  8 quokkas
  7 ball pythons
  2 bats
  A goblin zombie (D:7)
  3 hobgoblin zombies (Ossuary)
  2 kobolds
  A quokka zombie (D:7)
  6 rats
154 creatures vanquished.

Vanquished Creatures (others)
  A plant (D:7)
  5 toadstools (D:3)
6 creatures vanquished.

Grand Total: 160 creatures vanquished

Notes
Turn   | Place    | Note
-------+----------+-------------------------------------------
     0 | D:1      | Axe the Hill Orc Fighter began the quest for the Orb.
     0 | D:1      | Reached XP level 1. HP: 19/19 MP: 1/1
   137 | D:1      | Reached skill level 3 in Axes
   137 | D:1      | Reached XP level 2. HP: 27/27 MP: 2/2
   362 | D:1      | Reached XP level 3. HP: 33/33 MP: 3/3
   684 | D:2      | Found Samekk's Jewellery Shop.
   722 | D:2      | Identified the +3 leather armour "Riler" {-Tele rElec Str+3
                  | Int+3}
  1187 | D:3      | Identified the ring of Crawling {Fly rF+++ rC- Str+3
                  | Stlth+}
  1252 | D:3      | Reached skill level 4 in Axes
  1252 | D:3      | Reached skill level 1 in Dodging
  1252 | D:3      | Reached XP level 4. HP: 31/40 MP: 4/4
  1418 | D:3      | Found Kuykuepu's Assorted Antiques.
  1457 | D:3      | Identified the +3 whip of the Dark Horse {heavy, rC+}
  1529 | D:3      | Found a burning altar of Makhleb.
  1529 | D:3      | Noticed a cacodemon
  1532 | D:3      | Noticed a ynoxinul
  1532 | D:3      | Noticed a neqoxec
  1534 | D:3      | Became a worshipper of Makhleb the Destroyer
  1572 | D:3      | Found a stormy altar of Qazlal.
  1620 | D:3      | Noticed a bullfrog
  1624 | D:3      | Killed a bullfrog
  1625 | D:3      | Reached skill level 1 in Invocations
  1625 | D:3      | Reached XP level 5. HP: 40/46 MP: 5/5
  1794 | D:4      | Reached skill level 5 in Axes
  1802 | D:4      | Reached XP level 6. HP: 29/53 MP: 5/7
  2119 | D:4      | Found Yke Luz's Book Shoppe.
  2274 | D:4      | Reached XP level 7. HP: 26/60 MP: 8/8
  2404 | D:4      | Reached skill level 6 in Axes
  2507 | D:4      | Found a basalt altar of Yredelemnul.
  2517 | D:4      | Reached skill level 5 in Fighting
  2875 | D:5      | Entered Level 5 of the Dungeon
  2893 | D:5      | Reached skill level 5 in Shields
  2893 | D:5      | Reached XP level 8. HP: 56/68 MP: 10/10
  2905 | D:4      | Reached skill level 7 in Axes
  3019 | D:5      | Reached skill level 5 in Armour
  3183 | D:3      | Bought a runed helmet for 232 gold pieces
  3788 | D:6      | Reached * piety under Makhleb
  3820 | D:6      | Found Nisopoma's Distillery.
  3884 | D:6      | Found a staircase to the Ecumenical Temple.
  3891 | D:6      | Reached skill level 8 in Axes
  4188 | D:6      | Noticed an unseen horror
  4219 | D:6      | Killed an unseen horror
  4220 | D:6      | Reached XP level 9. HP: 38/75 MP: 12/12
  4309 | D:6      | Reached skill level 5 in Invocations
  4337 | D:6      | Noticed Blork the orc
  4392 | D:6      | Found a shimmering blue altar of Sif Muna.
  4465 | D:6      | Killed Blork the orc
  4991 | D:6      | Bought a potion of curing for 33 gold pieces
  5117 | D:6      | Found a shimmering altar of Xom.
  5118 | D:6      | Found a hazy altar of Hepliaklqana.
  5119 | D:6      | Noticed a spectral ugly thing
  5207 | D:6      | Reached ** piety under Makhleb
  5248 | D:6      | Reached skill level 9 in Axes
  5382 | D:7      | Found a glowing golden altar of the Shining One.
  5526 | D:7      | Found a sand-covered staircase.
  5540 | Ossuary  | Entered an ossuary
  5737 | D:7      | Found a broken altar of Ashenzari.
  5751 | D:7      | Noticed a troll
  5758 | D:7      | Killed a troll
  5759 | D:7      | Reached skill level 10 in Axes
  5832 | D:7      | Found an ornate altar of the Wu Jian Council.
  5834 | D:7      | Found a radiant altar of Vehumet.
  5944 | D:7      | Reached XP level 10. HP: 85/86 MP: 14/14
  5950 | D:7      | Reached *** piety under Makhleb
  6209 | D:7      | Identified the +4 ring mail of Darkness {+Blink Will+ Str+3
                  | Int-4}
  6817 | D:8      | Paralysed by a hornet for 1 turns
  6820 | D:8      | Paralysed by a hornet for 1 turns
  6821 | D:8      | HP: 3/86 [hornet (10)]
  6822 | D:8      | Succumbed to a hornet's poison

Illustrated notes

Levels and vault maps discovered:
D:1:      zaba_arrival_water, layout_loops_ring
D:2:      layout_basic, serial_shops, nicolae_diamond_shop,
          minmay_split_cup_large
D:3:      layout_basic, nicolae_qazlal_general_emergency,
          makhleb_altar_promises_db, serial_shops, shop,
          minmay_gold_behind_fungi
D:4:      layout_loops_ring, lemuel_mausoleum_altar_yredelemnul, serial_rivers,
          chequers_serial_rivers_large_a, chequers_serial_rivers_marsh,
          chequers_serial_rivers_marsh, chequers_serial_rivers_small_a,
          serial_shops, nicolae_shop_trees, minmay_misc_feat_columns
D:5:      layout_basic
D:6:      layout_gridville, regret_index_temple_of_mockery, tgw_sif,
          minmay_temple_entry_grid, serial_shops, nicolae_shop_stone,
          gup_sewer_entry_bubbles
D:7:      layout_cave_pods, tso_oasis_becter, nicolae_overflow_hidden_temple,
          enter_ossuary_4, hangedman_decor_slide_cut
D:8:      layout_loops_ring

Skill      XL: |  1  2  3  4  5  6  7  8  9 10 |
---------------+-------------------------------+-----
Axes           | 3 4 5 6 8 10 | 10.7
Fighting       | 4 5 6 7 |  7.6
Dodging        | 1 2 3 |  3.6
Invocations    | 1 2 3 4 6 |  6.7
Armour         | 4 5 6 7 |  7.0
Shields        | 4 5 6 |  6.8

Action                     |  1- 3 |  4- 6 |  7- 9 | 10-12 || total
---------------------------+-------+-------+-------+-------++-------
  Melee: War axe           |    79 |    82 |   369 |    23 ||   553
         Battleaxe         |       |       |       |    15 ||    15
 Invoke: Minor Destruction |       |       |     4 |     8 ||    12
    Use: Scroll            |       |       |    10 |     2 ||    12
         Potion            |       |       |     1 |     1 ||     2
   Stab: Invisible         |       |       |     1 |       ||     1
 Armour: Scale mail        |    28 |    47 |   120 |       ||   195
         Plate armour      |       |       |   101 |    59 ||   160
         Skin              |       |       |     4 |       ||     4
  Dodge: Dodged            |    32 |    30 |   155 |    31 ||   248
  Block: Buckler           |    14 |    15 |    66 |     9 ||   104

Table legend: (Time is in decaauts)
 A = Elapsed time spent in this place.
 B = Non-inter-level travel time spent in this place.
 C = Inter-level travel time spent in this place.
 D = Time resting spent in this place.
 E = Time spent auto-exploring this place.
 F = Levels seen in this place.
 G = Mean time per level.
                   A        B        C        D        E       F      G
               +--------+--------+--------+--------+--------+-----+--------+
         Total |   6954 |   6590 |    364 |   1657 |   3551 |   9 |  772.7 |
       Dungeon |   6766 |   6402 |    364 |   1586 |   3532 |   8 |  845.8 |
       Ossuary |    188 |    188 |      0 |     71 |     19 |   1 |  188.0 |
               +--------+--------+--------+--------+--------+-----+--------+

Top non-repeatable levels by time:
     D:6: 1585 daAuts
     D:4: 1421 daAuts
     D:7: 1143 daAuts
     D:5: 726 daAuts
     D:1: 697 daAuts
     D:3: 546 daAuts
     D:2: 501 daAuts
 Ossuary: 188 daAuts
     D:8: 143 daAuts
